 Dungeon Crawl Stone Soup version 0.20-a0-555-gf6ae02d (webtiles) character file.

3934 HereIgoKillingAgain the Fighter (level 10, -2/90 HPs)
             Began as a Hill Orc Fighter on Feb 7, 2017.
             Was a Believer of Beogh.
             Killed from afar by an electric eel (5 damage)
             ... with a bolt of electricity
             ... on level 9 of the Dungeon.
             The game lasted 00:09:10 (7205 turns).

HereIgoKillingAgain the Fighter (Hill Orc Fighter)  Turns: 7205, Time: 00:09:13

Health: -2/90      AC:  6    Str: 23      XL:     10   Next: 21%
Magic:  0/10       EV: 12    Int:  8      God:    Beogh [**....]
Gold:   460        SH: 12    Dex: 15 (17) Spells: 9/9 levels left

rFire    + . .     SeeInvis .   a - +1 long sword
rCold    . . .     Gourm    .   A - +0 leather armour of Dishonour {rF+ Dex+7}
rNeg     + . .     Faith    .   c - +0 shield
rPois    .         Spirit   +   (no helmet)
rElec    .         Reflect  .   (no cloak)
rCorr    +         Harm     .   y - +1 pair of gloves
MR       .....                  (no boots)
Stlth    +.........             s - amulet of guardian spirit
Regen    0.7/turn               r - ring of resist corrosion
                                x - ring of positive energy

@: vulnerable
A: regeneration 1
a: Smiting, Renounce Religion


You were on level 9 of the Dungeon.
You worshipped Beogh.
Beogh was pleased with you.
You were not hungry.

You visited 2 branches of the dungeon, and saw 12 of its levels.
You also visited: Ossuary.

You collected 460 gold pieces.

Inventory:

Hand Weapons
 a - a +1 long sword (weapon)
 h - a +2 hand axe of electrocution
Armour
 c - a +0 shield (worn)
 y - a +1 pair of gloves (worn)
 A - the +0 leather armour of Dishonour (worn) {rF+ Dex+7}
   (You found it on level 5 of the Dungeon)

   It affects your dexterity (+7).
   It protects you from fire.
Jewellery
 r - a ring of resist corrosion (right hand)
 s - an amulet of guardian spirit (around neck)
 x - a ring of positive energy (left hand)
Wands
 g - a wand of iceblast (9/15)
 C - a wand of polymorph (4/24)
 E - a wand of acid (8/15)
 H - a wand of random effects (28/48)
Scrolls
 b - a scroll of identify
 d - a scroll of fog
 e - 3 scrolls of magic mapping
 f - a scroll of noise
 i - 3 scrolls of remove curse
 m - 6 scrolls of teleportation
 v - 2 scrolls of immolation
 z - 5 scrolls of enchant weapon
 F - a scroll of recharging
 K - a scroll of holy word
Potions
 j - 2 potions of cancellation
 k - 2 potions of brilliance
 n - a potion of agility
 o - 6 potions of curing
 p - a potion of invisibility
 q - a potion of mutation
 B - a potion of ambrosia
 G - 2 potions of might
 J - 2 potions of lignification
 L - a potion of resistance
Books
 t - a book of Maledictions

   Spells                             Type                      Level
   a - Corona                         Hexes                        1
   b - Ensorcelled Hibernation        Hexes/Ice                    2
   c - Confuse                        Hexes                        3
   d - Tukima's Dance                 Hexes                        3
   e - Dazzling Spray                 Conjuration/Hexes            3
 D - a book of Changes

   Spells                             Type                      Level
   a - Beastly Appendage              Transmutation                1
   b - Sticks to Snakes               Transmutation                2
   c - Spider Form                    Transmutation/Poison         3
   d - Ice Form                       Ice/Transmutation            4
   e - Blade Hands                    Transmutation                5
Miscellaneous
 I - a phial of floods
Comestibles
 l - 5 royal jellies
 u - 4 fruits
 w - a meat ration


   Skills:
 + Level 8.9 Fighting
 + Level 8.0 Long Blades
 + Level 8.0 Armour
 * Level 3.5 Dodging
 + Level 8.3 Shields


You had 9 spell levels left.
You didn't know any spells.

Dungeon Overview and Level Annotations

Branches:
Dungeon (11/15)            Temple (1/1) D:4            Lair (0/6) D:8
    Orc: D:9-12

Altars:
Ashenzari
Cheibriados
Dithmenos
Elyvilon
Fedhas
Gozag
Hepliaklqana
Kikubaaqudgha
Makhleb
Nemelex Xobeh
Okawaru
Qazlal
Ru
Sif Muna
Trog
Uskayaw
Vehumet
Xom
Yredelemnul
Zin
The Shining One

Shops:
D:7 %   D:8 %


Innate Abilities, Weirdness & Mutations

Your natural rate of healing is unusually fast.


Message History

The electric eel shoots out a bolt of lightning at you!
The bolt of electricity hits you!
* * * LOW HITPOINT WARNING * * *
The electric eel shoots out a bolt of lightning at you!
The bolt of electricity hits you!
* * * LOW HITPOINT WARNING * * *
Unknown command.
Okay, then.
As you read the scroll labeled ZYS PUESOXTOBB, it crumbles to dust.
Magic quickly surges around you.
It was a scroll of vulnerability.
The electric eel shoots out a bolt of lightning at you!
The bolt of electricity hits you!
* * * LOW HITPOINT WARNING * * *
As you read the scroll labeled EFAN ZONNEATI, it crumbles to dust.
You hear a loud clanging noise!
It was a scroll of noise.
You hear a shout! x2
The electric eel shoots out a bolt of lightning at you!
The bolt of electricity hits you!
You die...

#PPP≈≈.....#P≈≈≈..........###
# #PPP≈P.....#P≈♣P..........#
#..P♣≈.....#.≈PP..........#
#.P≈≈≈PP...≈P≈≈...........#
#..≈P≈≈≈..≈P≈≈P≈........#>#
..PP♣≈P.PPP♣♣P.........#.#
♣PPPP≈≈♣P.#'##'######
♣P♣;♣≈[....#(#
♣≈;≈≈@....#.####
♣≈♣PP.....#....#
♣≈;P......######
P≈≈≈P≈P.....# P.P≈PPP#.....#
#≈P≈PP##.....# ###### #.....+
#.....#


You could see 3 electric eels.

Vanquished Creatures
  Grinder (D:5)
  A hippogriff (D:9)
  A wyvern (D:8)
  The ghost of Kiturien the Charmwright, an amateur BaSk (D:3)
  A hungry ghost (D:7)
  A water moccasin (D:6)
  An acid dragon (D:8)
  2 ice beasts
  2 sky beasts
  A necrophage (D:9)
  An ogre (D:5)
  A phantom (D:6)
  4 centaurs
  3 crocodiles (D:8)
  3 bullfrogs
  An elf zombie (Ossuary)
  A gnoll sergeant (D:8)
  2 scorpions
  2 killer bees (D:6)
  4 wights (D:8)
  A crimson imp (D:7)
  A quasit (D:8)
  A bullfrog zombie (D:8)
  A jelly (D:8)
  A bullfrog skeleton (D:11)
  3 hounds
  Ijyb (D:3)
  Terence (D:2)
  2 iguanas (D:7)
  7 orc wizards
  2 worker ants
  4 mummies
  3 gnolls (D:8)
  6 adders
  2 shadow imps
  An ooze (D:4)
  3 worms
  2 adder skeletons
  An adder zombie (Ossuary)
  2 dart slugs (D:1)
  3 leopard geckos
  23 orcs
  2 ball pythons
  9 giant cockroaches
  4 hobgoblins
  11 jackals
  3 quokkas
  14 bats
  3 frilled lizards
  6 goblins
  2 goblin zombies (Ossuary)
  4 hobgoblin zombies
  5 kobolds
  5 kobold zombies (Ossuary)
  A leopard gecko zombie (D:7)
  An orc zombie (D:8)
  5 quokka zombies
  4 rats
  2 rat zombies (Ossuary)
186 creatures vanquished.

Vanquished Creatures (others)
  5 dream sheep (D:5)
  7 plants (D:9)
12 creatures vanquished.

Grand Total: 198 creatures vanquished

Notes
Turn   | Place    | Note
-------+----------+-------------------------------------------
     0 | D:1      | HereIgoKillingAgain the Hill Orc Fighter began the quest for the Orb.
     0 | D:1      | Reached XP level 1. HP: 19/19 MP: 1/1
    32 | D:1      | Reached XP level 2. HP: 26/26 MP: 2/2
   339 | D:1      | Reached XP level 3. HP: 33/33 MP: 3/3
   950 | D:2      | Noticed Terence
   961 | D:2      | Killed Terence
   961 | D:2      | Reached XP level 4. HP: 32/40 MP: 4/4
  1418 | D:3      | Noticed Kiturien's ghost (amateur BaSk)
  1426 | D:3      | Killed Kiturien's ghost
  1426 | D:3      | Reached XP level 5. HP: 39/47 MP: 5/5
  1612 | D:3      | Reached XP level 6. HP: 55/55 MP: 6/6
  1639 | D:3      | Noticed Ijyb
  1647 | D:3      | Killed Ijyb
  1647 | D:3      | Reached skill level 5 in Fighting
  1886 | D:4      | Found a staircase to the Ecumenical Temple.
  1908 | Temple   | Entered the Ecumenical Temple
  2040 | D:4      | Reached skill level 5 in Shields
  2280 | D:4      | Reached XP level 7. HP: 56/61 MP: 7/7
  2354 | D:5      | Entered Level 5 of the Dungeon
  2502 | D:5      | Got a shimmering leather armour
  2513 | D:5      | Identified the +0 leather armour of Dishonour {rF+ Dex+7} (You found it on level 5 of the Dungeon)
  2626 | D:5      | Noticed Grinder
  2627 | D:5      | Paralysed by Grinder for 4 turns
  2636 | D:5      | Paralysed by Grinder for 3 turns
  2640 | D:5      | Reached skill level 5 in Armour
  2642 | D:5      | Gained mutation: You are dopey. (Int -2) [potion of mutation]
  2642 | D:5      | Gained mutation: Your natural rate of healing is unusually fast. [potion of mutation]
  2642 | D:5      | Gained mutation: Your spells are a little harder to cast, but a little more powerful. [potion of mutation]
  2645 | D:5      | Lost mutation: Your spells are a little harder to cast, but a little more powerful. [potion of cure mutation]
  2645 | D:5      | Lost mutation: You are dopey. (Int -2) [potion of cure mutation]
  2652 | D:5      | Killed Grinder
  2652 | D:5      | Reached skill level 5 in Long Blades
  2878 | D:5      | Found a shimmering altar of Xom.
  2878 | D:5      | Noticed a dream sheep
  2878 | D:5      | Noticed a dream sheep
  2878 | D:5      | Noticed a dream sheep
  2878 | D:5      | Noticed a dream sheep
  2878 | D:5      | Noticed a dream sheep
  2880 | D:5      | Killed a dream sheep
  2880 | D:5      | Killed a dream sheep
  2880 | D:5      | Killed a dream sheep
  2880 | D:5      | Reached XP level 8. HP: 52/71 MP: 6/8
  2883 | D:5      | Killed a dream sheep
  2883 | D:5      | Killed a dream sheep
  3249 | D:6      | Became a worshipper of Beogh the Brigand
  4061 | D:7      | Found Esesotz's Food Shoppe.
  4087 | D:7      | Reached XP level 9. HP: 57/79 MP: 9/9
  4553 | D:7      | You fall through a shaft for 3 floors!
  4553 | D:10     | Entered Level 10 of the Dungeon
  4707 | D:8      | Reached * piety under Beogh
  4795 | D:8      | Found a sand-covered staircase.
  4803 | Ossuary  | Entered an ossuary
  5127 | D:8      | Reached skill level 1 in Dodging
  5435 | D:8      | Reached ** piety under Beogh
  5457 | D:8      | Found Zudugodgh's Food Emporium.
  6123 | D:8      | Reached XP level 10. HP: 53/90 MP: 3/10
  6323 | D:8      | Found a staircase to the Lair.
  6785 | D:9      | Found a snail-covered altar of Cheibriados.
  7080 | D:9      | You fall through a shaft for 2 floors!
  7204 | D:9      | HP: 2/90 [electric eel/bolt of electricity (10)]
  7205 | D:9      | Killed from afar by an electric eel

Vault maps used:
D:1:      dpeg_arrival_radiant
D:2:      serial_forest, infiniplex_forest_zigzag_1,
          infiniplex_forest_clump_long, infiniplex_forest_clump_diagonal,
          infiniplex_forest_end_3, infiniplex_forest_straight_4,
          infiniplex_forest_straight_4, uniq_terence
D:3:      uniq_iyjb
D:4:      minmay_temple_entry_statues_fountains, first_bread
D:5:      kb_xom_exploding_sheep, uniq_grinder
D:6:      serial_glass, glass_columns_b, glass_columns_a, minmay_misc_feat_five
D:7:      nicolae_shop_scaring_up_business
D:8:      erik_lair_dragon, nicolae_ossuary_entry_giza, serial_shops,
          nicolae_shop_window_shopping
D:9:      serial_bayou, serial_bayou_crossing, serial_bayou_ford_a,
          serial_bayou_lagoon_a, serial_bayou_pond_c, basic_altar, tgw_fedhas
D:10:     minmay_orc_entry_guard_dogs, serial_shops, kennysheep_mini_moat,
          blue_anna_alchemist, uniq_psyche
D:11:     basic_altar
Temple:   compressed_dpeg_circular_temple
Ossuary:  ossuary_minmay_chase

Skill      XL: |  1  2  3  4  5  6  7  8  9 10 |
---------------+-------------------------------+-----
Long Blades    | 3 4 5 6 7 8 |  8.0
Fighting       | 4 5 6 7 8 |  8.9
Shields        | 4 5 7 8 |  8.3
Armour         | 4 5 6 7 8 |  8.0
Dodging        | 2 3 |  3.5

Action                   |  1- 3 |  4- 6 |  7- 9 | 10-12 || total
-------------------------+-------+-------+-------+-------++-------
Melee: Long sword        |    90 |       |   310 |    76 ||   476
       Hand axe          |       |   127 |   117 |       ||   244
Invok: Convert to Beogh  |       |       |     1 |       ||     1
Evoke: Wand              |       |       |       |     1 ||     1
  Use: Scroll            |     4 |     1 |    13 |     2 ||    20
       Potion            |       |     1 |    12 |       ||    13
 Stab: Sleeping          |       |       |     3 |       ||     3
  Eat: Bread ration      |       |     1 |     4 |       ||     5
       Meat ration       |       |       |       |     1 ||     1
Armor: Scale mail        |    50 |    71 |    17 |       ||   138
       Leather armour    |       |       |    69 |    19 ||    88
       Skin              |       |       |     7 |       ||     7
Dodge: Dodged            |    37 |    40 |   160 |    28 ||   265
Block: Shield            |    53 |    87 |   256 |    38 ||   434
       Rpst.: Long sword |    10 |       |    31 |     6 ||    47
